 Dungeon Crawl Stone Soup version 0.27.1 (webtiles) character file.

Game seed: 13953370328065363528

170 MajorAdolf the Skirmisher (level 5, 0/52 HPs)
             Began as a Naga Wanderer on Aug 28, 2021.
             Slain by a scorpion (5 damage)
             ... on level 4 of the Dungeon.
             The game lasted 00:07:23 (4849 turns).

MajorAdolf the Skirmisher (Naga Wanderer)           Turns: 4849, Time: 00:07:24

Health: 0/52       AC:  2    Str: 11    XL:     5   Next: 50%
Magic:  8/8        EV:  9    Int: 14    God:
Gold:   89         SH:  0    Dex: 13    Spells: 8/8 levels left

rFire    . . .     SeeInvis +   i - +2 dagger (flame)
rCold    + . .     Faith    .   (no shield)
rNeg     . . .     Spirit   .   d - +0 robe
rPois    +         Reflect  .   (no helmet)
rElec    .         Harm     .   (no cloak)
rCorr    .         Rampage  .   (no gloves)
Will     .....                  (no barding)
Stlth    +++.......             (no amulet)
HPRegen  0.17/turn              c - ring of protection from cold
MPRegen  0.11/turn              (no ring)

@: short of breath, very slow
A: AC +1, large, see invisible, deformed body, poison resistance, slowness 2,
spit poison 1, naga tail 1
a: Spit Poison


You were on level 4 of the Dungeon.
You visited 1 branch of the dungeon, and saw 4 of its levels.

You collected 89 gold pieces.

Inventory:

Hand Weapons
 a - a +2 short sword
 e - a +0 dagger
 i - a +2 dagger of flaming (weapon)
 k - a +1 whip of flaming
Armour
 d - a +0 robe (worn)
Jewellery
 c - a ring of protection from cold (left hand)
Scrolls
 b - 2 scrolls of teleportation
 g - a scroll of enchant weapon {unknown}
 j - a scroll of identify {unknown}
 o - a scroll of fear {unknown}
 p - 2 scrolls of amnesia {unknown}
Potions
 f - a potion of heal wounds {unknown}
 h - a potion of magic {unknown}
 l - a potion of might {unknown}
 m - 3 potions of flight {unknown}
 n - a potion of curing {unknown}


   Skills:
 + Level 5.0 Fighting
 - Level 2.0 Short Blades
 - Level 1.0 Dodging
 - Level 4.4 Stealth
 - Level 2.0 Spellcasting
 - Level 1.0 Summonings
 - Level 1.0 Evocations


You had 8 spell levels left.
You didn't know any spells.
Your spell library contained the following spells:

 Spells                   Type           Power      Damage    Failure   Level
 Leda's Liquefaction      Hex/Erth       0%         N/A       93%         4
 Bolt of Magma            Conj/Fire/Erth 0%         4d4       100%        5
 Statue Form              Tmut/Erth      0%         N/A       100%        6


Dungeon Overview and Level Annotations

Branches:
Dungeon (4/15)
 Temple: D:4-7

Altars:

Annotations:
D:3 exclusion: ice beast


Innate Abilities, Weirdness & Mutations

Your serpentine skin is tough. (AC +1)
You have supernaturally acute eyesight. (SInv)
Armour fits poorly on your strangely shaped body.
Your system is resistant to poisons. (rPois)
You cover ground very slowly.
You can spit poison.
You have a snake-like lower body.


Message History

The giant cockroach closely misses you.
You hit the endoplasm. You burn the endoplasm.
You kill the endoplasm!
The giant cockroach barely misses you.
You hit the giant cockroach. You burn the giant cockroach.
You kill the giant cockroach!
Unknown command.
You start resting.
A scorpion comes into view.
A scorpion is nearby!
A scorpion is nearby!
Unknown command.
Press: ? - help, Shift-Dir - straight line, f - you
Okay, then.
A scorpion is nearby!
A scorpion is nearby!
Press: ? - help, Shift-Dir - straight line, f - you
Okay, then.
A scorpion is nearby!
A scorpion is nearby!
Press: ? - help, Shift-Dir - straight line, f - scorpion
Aim: a scorpion (wandering, hasn't noticed you)
The splash of poison hits the scorpion.
The scorpion is moderately wounded.
Unknown command.
The scorpion stings you!
You are too injured to fight recklessly!
You are too injured to fight recklessly!
You can't do that yet.
Unknown command.
The scorpion stings you!
* * * LOW HITPOINT WARNING * * *
You barely miss the scorpion.
The scorpion is moderately wounded.
The scorpion stings you!
* * * LOW HITPOINT WARNING * * *
You hit the scorpion but do no damage.
The scorpion is moderately wounded.
The scorpion stings you.
You die...

#.####.##########
######.####.# #...
#.........#.######.######
#.####.##.#.#...........#
#.####.##.#.#.####)####.#
#.#.........#.# #.#
#.#.##.##.....# #.####.#
#.# #.###########.)....#.
##.#
#>(...$...@s..........
...#
##.........#########.#
##.# ...........†#######
#†# ###......(†........
#.# #................ #.#
#......!......$.. #.#
#................ #.#
#####+###........ #.#
#........


You could see a scorpion.

Vanquished Creatures
  Ijyb (D:3)
  Natasha (twice) (D:2)
  2 adders
  2 dart slugs (D:2)
  An orc (D:4)
  6 endoplasms
  3 giant cockroaches
  10 goblins
  6 hobgoblins
  3 jackals (D:3)
  7 quokkas
  7 ball pythons
  5 bats
  3 frilled lizards (D:1)
  5 kobolds
  7 rats
70 creatures vanquished.

Notes
Turn   | Place    | Note
-------+----------+-------------------------------------------
     0 | D:1      | MajorAdolf the Naga Wanderer began the quest for the Orb.
     0 | D:1      | MajorAdolf set off with the following items: a +2 short
                  | sword, a scroll of teleportation, a potion of
                  | lignification, a +0 robe, a +0 dagger
     0 | D:1      | Reached XP level 1. HP: 15/15 MP: 3/3
    49 | D:1      | Reached skill level 1 in Fighting
   776 | D:1      | Reached XP level 2. HP: 13/25 MP: 5/5
  1164 | D:1      | Reached skill level 2 in Fighting
  1526 | D:1      | Reached XP level 3. HP: 10/33 MP: 6/6
  1835 | D:1      | Found a faded altar of an unknown god.
  2535 | D:2      | Reached skill level 3 in Fighting
  2706 | D:2      | Reached XP level 4. HP: 34/42 MP: 7/7
  2777 | D:2      | Noticed Natasha
  2806 | D:2      | Killed Natasha
  3100 | D:2      | Reached skill level 4 in Fighting
  3117 | D:2      | Noticed Natasha
  3134 | D:2      | Killed Natasha
  3398 | D:3      | Reached XP level 5. HP: 48/51 MP: 8/8
  3675 | D:3      | Noticed an ice beast
  3766 | D:3      | Noticed Ijyb
  3768 | D:3      | Paralysed by Ijyb for 5 turns
  3786 | D:3      | Killed Ijyb
  4756 | D:4      | Reached skill level 5 in Fighting
  4849 | D:4      | Slain by a scorpion

Illustrated notes

Levels and vault maps discovered:
D:1:      lightli_arrival_quake, layout_rooms,
          shapermc_ecumenical_altar_notcrosses, supply_closet_lemuel,
          grunt_decor_clamped, minmay_tall_x
D:2:      layout_loops_ring, uniq_natasha
D:3:      layout_loops_corners, uniq_ijyb
D:4:      layout_basic, worldfamousw_hep_ancestral_shrine,
          minmay_goblin_kobold_house, uniq_sigmund

Skill      XL: |  1  2  3  4  5 |
---------------+----------------+-----
Fighting       | 1 2 3 4 5 |  5.0
Short Blades   | |  2.0
Dodging        | |  1.0
Stealth        | |  4.4
Spellcasting   | |  2.0
Summonings     | |  1.0
Evocations     | |  1.0

Action                   |  1- 3 |  4- 6 || total
-------------------------+-------+-------++-------
Melee: Short sword       |    38 |       ||    38
       Dagger            |    33 |    79 ||   112
       Unarmed           |       |     5 ||     5
 Abil: Spit Poison       |    32 |    13 ||    45
  Use: Potion            |       |     1 ||     1
 Stab: Sleeping          |     4 |     1 ||     5
Armor: Robe              |    14 |     8 ||    22
       Skin              |       |    15 ||    15
Dodge: Dodged            |    45 |    29 ||    74
